Map: Proxima Station LE

Players

PlzDontHitMe - Winner!

  • Race: Protoss Protoss
  • League: Diamond
  • Spawn Location: 7:00

athila

  • Race: Terran Terran
  • League: Diamond
  • Spawn Location: 1:00

VOD

Have the link to the VOD?

Description

Time

  • Played on: Feb. 11, 2017, 6:56 p.m.
  • Length: 7:47
Show
View Real Time Build Order
Export as new Build Order

PlzDontHitMe Protoss - Winner!

Build Orders: Colossus Rush 

Get SALT Encoding   

  12  0:02  Probe (Chrono Boost)  
  13  0:13  Probe (Chrono Boost)  
  14  0:19  Pylon  
  14  0:25  Probe (Chrono Boost)  
  15  0:37  Probe (Chrono Boost)  
  15  0:41  Gateway  
  16  0:48  Probe (Chrono Boost)  
  17  0:51  Assimilator  
  17  0:58  Assimilator  
  17  1:06  Pylon  
  17  1:14  Probe (Chrono Boost)  
  18  1:25  Probe (Chrono Boost)  
  19  1:35  Probe (Chrono Boost)  
  20  1:41  Cybernetics Core  
  20  1:46  Probe (Chrono Boost)  
  21  1:56  Probe (Chrono Boost)  
  22  2:07  Probe (Chrono Boost)  
  23  2:08  Pylon  
  23  2:16  Gateway  
  23  2:17  Probe (Chrono Boost)  
  24  2:30  Robotics Facility  
  23  2:39  Robotics Facility  
  23  2:45  Pylon  
  23  2:58  Forge  
  23  3:18  Robotics Bay  
  23  3:21  Warp Prism  
  23  3:25  Zealot  
  28  3:31  Warp Prism  
  29  3:47  Photon Cannon  
  29  4:06  Colossus  
  35  4:34  Pylon  
  35  4:38  Colossus  
  35  4:44  Pylon  
  39  5:03  Photon Cannon  
  39  5:12  Colossus  
  45  5:26  Pylon  
  45  6:08  Colossus  
  45  6:15  Colossus  
  57  6:20  Photon Cannon  
  57  6:25  Pylon  
  57  6:59  Pylon  
  57  7:01  Pylon, Photon Cannon  
  57  7:02  Pylon  
  57  7:03  Pylon  
Show
View Real Time Build Order
Export as new Build Order

athila Terran 

Build Orders: Command Center First (CC) 

Get SALT Encoding   

  12  0:00  SCV  
  13  0:13  SCV  
  14  0:18  Supply Depot  
  14  0:25  SCV  
  15  0:39  SCV  
  16  0:51  SCV  
  17  1:03  Command Center  
  17  1:17  Barracks  
  17  1:27  Barracks  
  16  1:40  Barracks  
  16  1:44  SCV  
  17  2:05  Marine  
  18  2:11  Orbital Command  
  18  2:13  Marine  
  19  2:24  Marine  
  19  2:29  Marine  
  21  2:31  Marine  
  21  2:33  SCV  
  21  2:36  Refinery  
  23  2:42  Marine  
  24  2:47  Marine  
  24  2:49  Marine  
  26  2:59  Marine, Engineering Bay  
  26  3:05  Marine  
  28  3:07  Marine  
  28  3:11  Orbital Command  
  29  3:17  Marine  
  30  3:22  Marine  
  30  3:25  Marine  
  32  3:30  Missile Turret  
  32  3:31  Missile Turret  
  32  3:35  Marine  
  32  3:38  SCV  
  32  3:39  SCV  
  36  3:51  Barracks Tech Lab  
  36  3:53  Marine  
  36  3:56  Supply Depot  
  36  3:57  Marine  
  36  4:00  SCV  
  38  4:07  Supply Depot  
  38  4:10  Stimpack  
  38  4:16  Refinery  
  38  4:18  SCV x2, Marine  
  38  4:23  Marine  
  43  4:28  Barracks Reactor  
  43  4:30  SCV x2  
  44  4:39  Supply Depot  
  44  4:47  Marine x2  
  46  4:53  SCV x2  
  46  4:56  Supply Depot  
  48  5:01  Factory  
  48  5:05  Marine  
  48  5:06  SCV  
  51  5:07  Refinery  
  51  5:09  SCV  
  51  5:12  Marine  
  53  5:16  Marine  
  53  5:18  SCV  
  54  5:23  Marine  
  55  5:30  SCV, Marine  
  55  5:32  Barracks Reactor  
  55  5:33  SCV, Marine, Supply Depot  
  59  5:41  Marine  
  61  5:42  SCV  
  61  5:47  Marine  
  59  5:51  Marine  
  59  5:59  Marine  
  57  6:27  Orbital Command  
  42  6:50  Orbital Command  
  42  7:07  Marine  
  42  7:08  Marine x2  
  45  7:13  Supply Depot  
  45  7:14  Barracks x2  
  45  7:15  Supply Depot  
  45  7:16  Supply Depot  
  45  7:17  Barracks, Supply Depot  
  43  7:25  Marine x3  
Tags
 
Add a new tag
Caveats
  • Supply blocks, unpowered buildings, or Contaminate may cause inaccurate times.
  • Supply counts are checked every 10 seconds.